 Dungeon Crawl Stone Soup version 0.17-a0-473-gfd9ac06 (webtiles) character file.

114 Kisielow the Insei (level 4, -1/32 HPs)
             Began as a Merfolk Transmuter on Apr 7, 2015.
             Slain by an orc
             ... wielding a +0 flail
              (4 damage)
             ... on level 3 of the Dungeon.
             The game lasted 00:07:34 (2748 turns).

Kisielow the Insei (Merfolk Transmuter)             Turns: 2748, Time: 00:07:34

Health: -1/32      AC:  2    Str: 10    XL:     4   Next: 98%
Magic:  4/7        EV: 21    Int: 17    God:
Gold:   79         SH:  0    Dex: 19    Spells: 2 memorised, 3 levels left

rFire  + . .     SeeInvis .       - Unarmed
rCold  x . .     Clarity  .     (armour currently unavailable)
rNeg   . . .     SustAb   .     (shield currently unavailable)
rPois  x         Gourm    .     (helmet currently unavailable)
rElec  .         Spirit   .     (cloak currently unavailable)
rCorr  .         Warding  .     (gloves currently unavailable)
rMut   .         Stasis   .     (boots currently unavailable)
MR     .....                    (no amulet)
Stlth  ++........               j - ring of fire
                                m - +4 ring of intelligence

@: spider-form, not resistant to hostile enchantments, unstealthy
A: (change form in water), (swift swim)
a: End Transformation


You were on level 3 of the Dungeon.
You were not hungry.
You were a venomous arachnid creature.
You visited 1 branch of the dungeon, and saw 3 of its levels.

You collected 79 gold pieces.

Inventory:

Missiles
 b - 18 arrows
Armour
 c - a +0 robe (melded)
Jewellery
 j - a ring of fire (right front leg)
 m - a +4 ring of intelligence (left front leg)
Scrolls
 h - a scroll of enchant armour {unknown}
 i - a scroll of identify
Potions
 e - a potion of restore abilities
 g - a potion of lignification
 k - a potion of berserk rage {unknown}
 l - a potion of poison {unknown}
 o - 3 potions of might {unknown}
Books
 d - a book of Changes

   Spells                             Type                      Level
   a - Beastly Appendage              Transmutation                1
   b - Sticks to Snakes               Transmutation                2
   c - Spider Form                    Transmutation/Poison         3
   d - Ice Form                       Ice/Transmutation            4
   e - Blade Hands                    Transmutation                5
Comestibles
 a - 5 bread rations
 f - 2 chunks of flesh


   Skills:
 - Level 1.1 Fighting
 - Level 2.6 Dodging
 - Level 4.7 Unarmed Combat
 - Level 2.0 Spellcasting
 * Level 4.2 Transmutations
 * Level 2.1 Poison Magic


You had 3 spell levels left.
You knew the following spells:

 Your Spells              Type           Power        Failure   Level  Hunger
a - Beastly Appendage     Trmt           ###...       12%         1    #......
s - Spider Form           Trmt/Pois      ##........   36%         3    ###....


Dungeon Overview and Level Annotations

Branches:
Dungeon (3/15)

Altars:
Ashenzari


Message History

You hit the orc wizard.
The orc wizard is lightly wounded.
The orc priest invokes the aid of Beogh against you.
Pain shoots through your body!
* * * LOW HITPOINT WARNING * * *
The orc wizard barely misses you.
You are too injured to fight recklessly!
You are too injured to fight recklessly!
You hit the orc priest.
The orc priest is poisoned.
The orc priest is moderately wounded.
The orc priest barely misses you. The orc wizard closely misses you.
You closely miss the orc priest.
The orc priest is severely wounded.
The orc misses you. The orc wizard completely misses you.
The orc priest mumbles some strange prayers to Beogh against you.
You barely resist. You barely miss the orc priest.
The orc priest is severely wounded.
The orc hits you with a flail.
You die...

#.....### #'##
#.......#### .....
#........... ......
####........ .......
########........ .......
...........)..##
.......#########....#.#
...?...o#.......).<..#.#
......oos.)..##..#.#.#.#
.......o...#.##..#.#.#.#
..........#.##..#.#.#.#
..........#.....#.#.#.#
.############...#.#.#.#
#...#.#.#. #...#.#.#
#...#.#.# #.....#.#


You could see an orc priest, an orc wizard and 2 orcs.

Vanquished Creatures
  An orc priest (D:3)
  3 adders (D:2)
  An ooze (D:3)
  2 orcs (D:3)
  A ball python (D:2)
  3 giant cockroaches
  7 hobgoblins
  2 quokkas (D:2)
  8 bats
  3 giant newts
  6 goblins
  7 kobolds
  9 rats
53 creatures vanquished.

Notes
Turn   | Place    | Note
--------------------------------------------------------------
     0 | D:1      | Kisielow, the Merfolk Transmuter, began the quest for the Orb.
     0 | D:1      | Reached XP level 1. HP: 15/15 MP: 3/3
   559 | D:1      | Reached XP level 2. HP: 21/21 MP: 3/5
   675 | D:1      | Reached skill level 4 in Unarmed Combat
  1177 | D:2      | Reached XP level 3. HP: 26/26 MP: 4/6
  1186 | D:2      | Learned a level 3 spell: Spider Form
  1434 | D:2      | Found a shattered altar of Ashenzari.
  1599 | D:2      | Reached skill level 1 in Poison Magic
  1790 | D:2      | Reached XP level 4. HP: 14/32 MP: 5/7
  2748 | D:3      | Slain by an orc

Action                   |  1- 3 |  4- 6 || total
-------------------------+-------+-------++-------
Melee: Unarmed           |   104 |    46 ||   150
 Cast: Beastly Appendage |    13 |     4 ||    17
       Spider Form       |     4 |     6 ||    10
  Use: Scroll            |       |     8 ||     8
  Eat: Chunk             |     4 |     3 ||     7
